Map: Solaris LE

Players

cyan - Winner!

  • Race: Protoss Protoss
  • League: Grandmaster
  • Spawn Location: 1:00

ONSYDERyung (Ryung)

  • Race: Terran Terran
  • Spawn Location: 7:00

Event: IEM Katowice 2024

VOD

Have the link to the VOD?

Description

Time

  • Played on: Dec. 6, 2023, 5:41 a.m.
  • Length: 26:27

All games in this series

Show
View Real Time Build Order
Export as new Build Order

cyan Protoss - Winner!

Build Orders: 1 Gate Expand 

Get SALT Encoding   

  12  0:00  Probe  
  13  0:13  Probe  
  14  0:18  Pylon  
  14  0:25  Probe (Chrono Boost)  
  15  0:37  Gateway, Probe (Chrono Boost)  
  16  0:45  Probe (Chrono Boost)  
  16  0:46  Assimilator  
  17  0:51  Probe  
  18  1:04  Probe  
  19  1:16  Probe  
  20  1:22  Nexus  
  20  1:31  Cybernetics Core  
  20  1:34  Probe  
  20  1:39  Assimilator  
  21  1:46  Probe  
  22  1:49  Pylon  
  22  1:58  Probe  
  23  2:05  Adept (Chrono Boost)  
  23  2:07  Warp Gate (Chrono Boost)  
  25  2:10  Probe  
  25  2:18  Robotics Facility  
  25  2:23  Probe  
  25  2:25  Adept (Chrono Boost)  
  28  2:35  Probe (Chrono Boost)  
  30  2:40  Probe (Chrono Boost)  
  31  2:45  Probe (Chrono Boost)  
  31  2:48  Adept  
  33  2:52  Probe  
  33  2:53  Probe  
  35  3:00  Gateway  
  35  3:04  Probe  
  36  3:05  Probe  
  36  3:07  Observer  
  38  3:13  Pylon  
  38  3:16  Probe  
  38  3:18  Probe  
  37  3:29  Probe (Chrono Boost)  
  37  3:30  Immortal, Probe (Chrono Boost)  
  43  3:37  Pylon  
  45  3:42  Probe (Chrono Boost)  
  45  3:46  Probe (Chrono Boost)  
  45  3:49  Probe (Chrono Boost)  
  45  3:54  Probe  
  45  3:55  Stalker  
  49  3:56  Probe, Stalker  
  49  3:58  Pylon  
  52  4:04  Pylon  
  52  4:06  Probe  
  52  4:09  Probe  
  54  4:10  Observer, Assimilator  
  54  4:13  Assimilator  
  54  4:18  Stalker  
  54  4:20  Stalker  
  54  4:22  Probe  
  54  4:24  Probe  
  60  4:27  Twilight Council  
  60  4:31  Forge  
  61  4:38  Observer  
  61  4:39  Probe  
  61  4:42  Sentry  
  61  4:44  Probe  
  65  4:50  Protoss Ground Weapons Level 1 (Chrono Boost)  
  65  4:52  Charge (Chrono Boost)  
  65  4:54  Pylon  
  65  4:56  Nexus  
  65  5:12  Immortal  
  69  5:15  Gateway  
  69  5:23  Pylon  
  69  5:30  Gateway  
  69  5:35  Gateway  
  67  5:43  Templar Archives  
  67  5:47  Gateway  
  67  5:52  Probe  
  68  5:59  Warp Prism  
  68  6:01  Probe  
  68  6:04  Probe  
  72  6:05  Psionic Storm, Pylon  
  72  6:12  Probe  
  72  6:13  Probe  
  72  6:16  Probe  
  74  6:19  Shield Battery  
  74  6:23  High Templar  
  74  6:24  Probe  
  74  6:25  High Templar  
  79  6:27  Probe  
  79  6:28  Probe  
  79  6:31  High Templar  
  79  6:32  Zealot  
  85  6:38  Photon Cannon  
  85  6:39  Probe  
  86  6:45  High Templar, Zealot  
  90  6:47  Probe  
  90  6:50  Protoss Ground Armor Level 1 (Chrono Boost)  
  91  6:55  Gateway, Stalker  
  93  7:02  Probe  
  93  7:03  Gateway  
  93  7:06  Probe x2  
  96  7:13  Zealot x2  
  96  7:14  Zealot x2  
  102  7:18  Probe  
  102  7:20  Pylon  
  99  7:31  Zealot x2  
  99  7:33  Probe  
  99  7:35  Immortal  
  108  7:42  Zealot  
  108  7:43  Zealot x2, Pylon  
  114  7:44  Probe  
  114  7:45  Pylon  
  114  7:46  Zealot  
  114  7:49  Probe  
  118  7:53  Probe  
  118  7:55  Photon Cannon  
  118  7:56  Probe  
  118  7:57  Photon Cannon  
  120  8:00  Blink  
  120  8:01  Probe  
  120  8:05  High Templar  
  121  8:06  High Templar  
  121  8:08  Probe  
  121  8:11  Assimilator  
  124  8:13  Assimilator  
  124  8:14  Observer, Pylon  
  124  8:15  Zealot  
  124  8:16  Pylon  
  124  8:18  Zealot  
  129  8:28  Pylon  
  129  8:29  Sentry  
  131  8:35  Protoss Ground Armor Level 2 (Chrono Boost)  
  131  8:37  Observer  
  131  8:39  Zealot x3  
  131  8:40  Zealot x2  
  142  8:44  Shield Battery  
  142  8:45  Pylon  
  142  8:54  High Templar  
  142  8:55  High Templar, Zealot  
  148  9:04  Probe x2  
  150  9:10  Observer, Robotics Bay  
  150  9:14  Nexus  
  150  9:16  Pylon  
  151  9:20  Pylon  
  141  9:29  Archon  
  141  9:30  Zealot x6  
  141  9:31  Zealot  
  149  9:33  Warp Prism (Chrono Boost)  
  127  9:38  Zealot x8  
  127  9:43  Probe  
  127  9:45  Robotics Facility  
  144  9:47  Forge  
  144  9:49  Probe x2  
  146  9:54  Photon Cannon  
  146  9:55  Shield Battery  
  144  10:05  Archon  
  138  10:12  Zealot, Colossus (Chrono Boost)  
  138  10:13  Zealot x7  
  134  10:17  Protoss Ground Weapons Level 2 (Chrono Boost)  
  128  10:22  Probe  
  128  10:26  Extended Thermal Lance  
  125  10:33  Stalker x3  
  124  10:35  Probe  
  124  10:36  Probe  
  124  10:37  Probe  
  120  10:46  Zealot x3  
  122  10:50  Colossus  
  122  10:51  Colossus  
  122  10:54  Protoss Ground Armor Level 3 (Chrono Boost)  
  127  11:07  Sentry  
  127  11:10  High Templar x2  
  139  11:12  High Templar  
  139  11:14  Probe  
  139  11:16  Probe  
  141  11:26  Zealot x4  
  141  11:31  Shield Battery  
  149  11:33  High Templar  
  149  11:34  Pylon  
  148  11:41  Photon Cannon  
  148  11:44  Stalker x3  
  154  11:49  Observer (Chrono Boost)  
  155  11:54  Warp Prism (Chrono Boost)  
  155  11:56  Nexus  
  155  11:58  Pylon  
  155  11:59  Assimilator  
  155  12:00  Zealot x2  
  155  12:01  Assimilator  
  154  12:10  Stalker x3  
  154  12:14  Stalker  
  160  12:19  Observer  
  155  12:33  Pylon  
  155  12:35  Archon  
  155  12:36  Unknown  
  153  12:40  Zealot x8  
  163  12:57  Shield Battery  
  158  12:59  Photon Cannon  
  158  13:00  Photon Cannon  
  158  13:02  Probe  
  158  13:03  Photon Cannon  
  158  13:04  Probe x2  
  159  13:07  Zealot x6  
  159  13:15  Stalker x2  
  159  13:18  Protoss Shields Level 1 (Chrono Boost)  
  163  13:20  Probe x3  
  163  13:25  Protoss Ground Weapons Level 3 (Chrono Boost)  
  166  13:27  Disruptor x2  
  174  13:44  Probe x2  
  174  13:48  Probe x2  
  178  13:50  Gravitic Drive (Chrono Boost)  
  178  13:57  Zealot x7  
  178  14:02  Zealot, Disruptor  
  192  14:03  Disruptor  
  189  14:23  Archon  
  181  14:24  Zealot x4  
  181  14:25  Zealot x4  
  197  14:32  Observer  
  197  14:34  Probe x3  
  197  14:35  Stargate  
  200  14:42  Photon Cannon, Shield Battery  
  200  14:51  Gateway  
  200  14:54  Gateway  
  200  15:04  Protoss Shields Level 2 (Chrono Boost)  
  200  15:06  Dark Shrine  
  196  15:26  Zealot x4  
  196  15:27  Zealot x2  
  168  15:46  Stalker x6  
  163  15:53  Stalker x2  
  163  15:54  Robotics Facility  
  163  15:56  Phoenix (Chrono Boost)  
  167  15:57  Robotics Facility  
  167  16:02  High Templar x2  
  171  16:07  Robotics Facility  
  171  16:09  Gateway  
  171  16:11  Gateway  
  171  16:14  Stalker x3  
  177  16:21  Nexus  
  177  16:22  Dark Templar x3  
  177  16:23  Pylon  
  177  16:25  Zealot  
  180  16:33  Archon  
  180  16:36  Stalker x3  
  184  16:45  Probe x3  
  183  16:48  High Templar x2  
  183  16:53  High Templar x2  
  191  16:56  High Templar x3  
  191  17:00  Archon  
  197  17:01  Archon x2  
  197  17:02  High Templar  
  199  17:09  Shield Battery  
  199  17:11  Observer, Photon Cannon  
  199  17:13  Photon Cannon  
  200  17:22  Archon  
  183  17:36  Dark Templar x8  
  197  17:38  Shadow Stride (Chrono Boost)  
  197  17:40  Assimilator  
  197  17:44  Assimilator  
  197  17:46  High Templar  
  181  18:07  Observer  
  181  18:11  Disruptor x2  
  185  18:19  Fleet Beacon  
  185  18:24  Stargate  
  185  18:25  High Templar x2, Stalker  
  185  18:26  Stalker x4  
  198  18:27  Protoss Air Weapons Level 1 (Chrono Boost), Stargate  
  198  18:31  Observer  
  199  18:34  Protoss Shields Level 3 (Chrono Boost)  
  199  18:38  Cybernetics Core  
  199  18:47  Observer  
  170  18:56  Archon  
  170  18:59  High Templar x2, Stalker x2  
  170  19:00  High Templar, Zealot x5  
  162  19:14  Archon  
  134  19:25  Stalker x3  
  134  19:26  Stalker x6  
  152  19:31  Tempest x2 (Chrono Boost)  
  152  19:32  Tempest (Chrono Boost), High Templar x2  
  152  19:33  Disruptor x2  
  152  19:37  Probe x4  
  183  19:42  Dark Templar  
  182  20:00  Dark Templar x2  
  186  20:07  Tempest (Chrono Boost)  
  189  20:16  Zealot x5  
  197  20:38  Zealot  
  186  20:52  Nexus  
  186  20:54  Pylon  
  182  20:57  Zealot x6  
  182  21:02  Dark Templar x3  
  200  21:14  Protoss Air Weapons Level 2  
  171  21:32  Stalker x3  
  171  21:33  Stalker x6  
  171  21:37  Tempest x2  
  195  21:45  Tempest  
  187  21:47  Zealot x3  
  193  21:56  Probe x3  
  192  22:04  Stalker  
  192  22:05  Stalker x3  
  185  22:38  Tempest x2  
  185  22:42  Zealot x6  
  198  23:00  Stalker x3  
  188  23:27  Dark Templar x2  
  188  23:28  Dark Templar x4  
  191  23:48  High Templar x2  
  191  23:49  Zealot x2  
  191  23:51  Assimilator  
  191  23:55  Assimilator  
  176  24:02  Nexus  
  144  24:04  Pylon  
  144  24:05  Disruptor x2  
  144  24:07  Stalker  
  144  24:08  Zealot x7  
  164  24:13  Probe x3  
  164  24:15  Assimilator  
  167  24:19  Assimilator  
  165  24:30  Disruptor  
  169  24:39  Zealot x4  
  169  24:40  Zealot x8  
  169  24:43  Nexus  
  169  24:44  Pylon  
  193  24:46  Pylon  
  193  24:52  Pylon  
  167  25:01  Archon  
  167  25:03  Tempest x2  
  167  25:07  Zealot x9, Stalker x3  
  173  25:43  Zealot x4, Stalker x6  
  173  25:44  Zealot x2  
  195  26:04  Zealot x2  
  195  26:08  Zealot  
  195  26:11  Zealot x3  
  199  26:16  Zealot x6  
Show
View Real Time Build Order
Export as new Build Order

ONSYDERyung Terran 

Build Orders: 1/1/1 

Get SALT Encoding   

  12  0:00  SCV  
  13  0:12  SCV  
  14  0:17  Supply Depot  
  14  0:24  SCV  
  15  0:38  SCV  
  15  0:41  Barracks  
  16  0:43  Refinery  
  16  0:50  SCV  
  16  0:52  Refinery  
  17  1:03  SCV  
  18  1:15  SCV  
  19  1:27  Orbital Command, Reaper  
  19  1:28  Supply Depot  
  20  1:41  Factory  
  20  1:54  SCV  
  21  2:00  Barracks Reactor  
  21  2:06  SCV  
  22  2:15  Command Center  
  22  2:18  SCV  
  23  2:26  Starport  
  23  2:30  SCV  
  23  2:33  Supply Depot  
  24  2:38  Widow Mine  
  24  2:42  SCV  
  24  2:43  Marine x2  
  29  2:54  SCV  
  30  3:00  Widow Mine  
  30  3:01  Marine x2  
  34  3:06  Medivac  
  34  3:08  SCV  
  37  3:30  Factory Tech Lab, SCV  
  37  3:33  Marine x2  
  39  3:37  Starport Tech Lab  
  39  3:42  Barracks, SCV  
  40  3:49  Orbital Command  
  40  3:50  Siege Tank  
  40  3:52  Marine x2  
  40  3:54  SCV  
  46  3:58  Supply Depot  
  46  4:08  Raven  
  48  4:11  SCV  
  48  4:15  SCV  
  50  4:19  Marine x2  
  50  4:24  Refinery  
  52  4:29  SCV x2  
  54  4:31  Siege Tank  
  54  4:34  Barracks  
  57  4:40  Supply Depot  
  57  4:41  SCV x2  
  59  4:50  Marine x2  
  59  4:52  Stimpack  
  61  4:53  SCV  
  62  5:01  Engineering Bay  
  62  5:02  SCV  
  62  5:05  SCV  
  64  5:14  Marine x2, SCV, Supply Depot  
  64  5:15  Marine  
  64  5:16  Starport Reactor, Factory Reactor  
  64  5:17  SCV  
  69  5:25  Supply Depot  
  69  5:26  SCV  
  70  5:35  SCV, Marine x2  
  73  5:43  Terran Infantry Weapons Level 1  
  73  5:45  SCV  
  73  5:47  SCV  
  73  5:48  Combat Shield, Refinery  
  79  5:50  Marauder x2  
  79  5:55  Supply Depot, Medivac  
  81  5:57  Medivac  
  81  6:02  Supply Depot, Widow Mine  
  85  6:07  Marine  
  86  6:16  Marine  
  86  6:17  Widow Mine, Marauder x2  
  93  6:23  SCV  
  93  6:24  SCV  
  95  6:26  Supply Depot x2  
  95  6:29  Medivac  
  97  6:35  Command Center, Marine  
  97  6:36  Marine  
  99  6:40  Marauder  
  101  6:47  Medivac  
  101  6:48  Widow Mine x2, Marauder  
  101  6:53  SCV  
  101  6:54  SCV, Supply Depot  
  111  6:56  Supply Depot  
  111  6:59  Marine x2  
  113  7:04  Concussive Shells  
  113  7:08  Barracks x2  
  113  7:09  SCV x2  
  115  7:27  Marauder x2, Marine  
  115  7:28  Marine  
  114  7:31  Widow Mine  
  114  7:32  Widow Mine  
  114  7:35  Ghost Academy  
  114  7:36  Viking x2  
  123  7:37  SCV x2  
  123  7:40  Terran Infantry Armor Level 1  
  124  7:50  SCV x2  
  125  7:51  Supply Depot  
  125  7:53  Missile Turret  
  125  8:02  Barracks Reactor, Barracks Tech Lab  
  125  8:03  SCV x2  
  127  8:08  Orbital Command  
  127  8:09  Ghost x2  
  131  8:13  Supply Depot  
  131  8:17  SCV x2  
  131  8:18  Marine x2  
  135  8:24  Ghost, Supply Depot  
  137  8:29  SCV x2  
  137  8:33  Armory  
  139  8:35  SCV  
  139  8:36  Engineering Bay  
  139  8:41  SCV x2  
  141  8:47  SCV  
  143  8:48  Refinery  
  143  8:49  Refinery  
  143  8:50  Ghost x2  
  143  8:53  SCV x2  
  143  8:54  Supply Depot  
  143  8:55  Supply Depot  
  149  8:58  Medivac  
  149  8:59  Medivac  
  151  9:07  SCV x3  
  154  9:11  Missile Turret  
  150  9:20  Marine x4  
  150  9:21  Marauder x3  
  150  9:30  SCV x3  
  148  9:36  Terran Infantry Weapons Level 2, Terran Infantry Armor Level 2  
  145  9:41  Marine x4  
  145  9:45  Command Center  
  144  10:01  Marine x4, SCV x3  
  144  10:02  Marauder x3  
  142  10:19  Marine x2  
  139  10:23  Marauder  
  139  10:24  Marauder  
  139  10:26  Barracks  
  139  10:28  Barracks x2, Ghost, Marine  
  138  10:32  Marine  
  136  10:37  SCV  
  136  10:38  SCV x2  
  136  10:42  Command Center  
  136  10:44  Ghost  
  138  10:58  Ghost x2  
  138  11:01  Viking x2  
  146  11:08  Marine x2  
  146  11:09  Marine x2  
  146  11:10  Sensor Tower  
  150  11:11  Widow Mine  
  150  11:12  Widow Mine  
  150  11:15  Ghost  
  150  11:17  Barracks Reactor, Barracks Tech Lab x2  
  156  11:19  Supply Depot x2  
  156  11:23  Supply Depot  
  156  11:27  Marauder x2  
  160  11:33  Viking x2  
  164  11:42  Marauder x2  
  164  11:43  Marine x4  
  164  11:44  Marauder  
  174  11:48  Bunker  
  174  11:49  Supply Depot  
  174  11:54  SCV x3  
  178  12:01  Marauder x2  
  178  12:09  Viking x2  
  178  12:10  Terran Ship Weapons Level 1, Starport  
  178  12:12  Terran Infantry Weapons Level 3  
  178  12:14  SCV x3  
  183  12:36  Marauder x3  
  189  12:43  Viking x2, Sensor Tower  
  193  12:56  Planetary Fortress  
  191  13:00  Command Center  
  191  13:02  Terran Infantry Armor Level 3, Marauder x3  
  197  13:14  Fusion Core  
  197  13:17  Command Center, SCV x3, Refinery  
  197  13:18  Missile Turret  
  197  13:19  Refinery  
  198  13:51  Command Center x2  
  198  13:52  Sensor Tower  
  195  14:11  Liberator x2  
  195  14:33  Liberator, Advanced Ballistics  
  195  14:34  Orbital Command  
  198  14:42  Command Center  
  198  14:44  Command Center  
  198  14:45  Planetary Fortress  
  198  14:51  Terran Ship Weapons Level 2  
  198  15:02  Liberator  
  199  15:23  Marauder  
  199  15:24  Marauder x3  
  199  15:26  Marine x2  
  197  15:35  Marine x2  
  171  15:39  SCV x3  
  163  15:44  Liberator  
  163  15:45  Liberator  
  163  15:48  Caduceus Reactor  
  169  15:50  Liberator x2  
  175  16:04  Orbital Command, Unknown  
  175  16:08  Orbital Command  
  174  16:27  Liberator  
  154  16:42  Ghost x3  
  154  16:43  Ghost  
  154  16:45  Medivac x2  
  154  16:46  Orbital Command  
  157  16:48  Planetary Fortress  
  157  16:50  Missile Turret  
  157  16:54  Liberator  
  157  16:56  Starport  
  157  16:57  Armory, Starport  
  157  17:00  Hi-Sec Auto Tracking, Neosteel Armor  
  160  17:05  Marauder  
  160  17:06  Marine x4  
  160  17:07  Marine  
  167  17:11  Marauder  
  167  17:12  Marauder  
  170  17:19  Liberator  
  168  17:24  Orbital Command  
  162  17:36  Liberator x3  
  171  17:40  Liberator  
  171  17:41  Liberator  
  177  17:51  Sensor Tower  
  177  17:56  Terran Ship Weapons Level 3  
  177  17:57  Terran Vehicle And Ship Armor Level 1  
  155  18:07  Marauder  
  155  18:08  Marine x6, Marauder x2  
  155  18:10  Marauder x2  
  160  18:19  Sensor Tower  
  160  18:26  Command Center  
  160  18:27  Liberator x3, Command Center  
  160  18:29  Marauder  
  160  18:31  Liberator  
  169  19:01  Marauder x2, Marine x4  
  169  19:02  Marauder, Marine x3  
  177  19:03  Marine  
  172  19:19  Marine x6  
  172  19:20  Marine x2  
  168  19:24  Liberator x4  
  168  19:25  Liberator  
  183  19:41  Orbital Command  
  183  19:44  Ghost x3  
  183  20:07  Missile Turret  
  183  20:11  Planetary Fortress  
  178  20:14  Missile Turret  
  178  20:15  SCV x3  
  178  20:16  SCV  
  178  20:19  Viking x3  
  178  20:20  Viking x2  
  185  20:31  Viking  
  179  20:36  Marauder x2, Marine x4  
  175  20:49  Liberator  
  170  20:57  SCV x2  
  170  20:58  SCV  
  170  20:59  SCV  
  165  21:21  Viking x4  
  165  21:22  Viking  
  165  21:23  Marine x4  
  160  21:34  Marauder x2  
  160  21:35  Marine x2  
  160  21:39  Viking  
  158  21:47  Missile Turret  
  158  21:51  Viking x4  
  166  22:11  Sensor Tower  
  162  22:23  Liberator  
  162  22:24  Liberator x3  
  162  22:25  Viking x2  
  167  22:40  Marine x3, Marauder x4  
  167  22:41  Marine x2  
  167  22:42  Marauder  
  176  22:58  Marine x4  
  178  23:01  Ghost, Marauder  
  176  23:10  Marine x4  
  176  23:11  Marine  
  174  23:16  Marine  
  168  23:20  Orbital Command  
  168  23:23  Marauder  
  163  23:29  Marauder x2  
  167  23:38  Marauder x2  
  167  23:39  Marine x4  
  169  23:46  Marauder  
  169  23:47  Liberator  
  166  23:50  Marauder  
  166  23:54  Marine x2  
  140  24:05  Ghost  
  140  24:09  Refinery x2  
  138  24:10  Unknown  
  138  24:15  Marine x6  
  136  24:31  Liberator  
  130  24:35  Marine x2  
  130  24:36  Marine x2  
  130  24:38  Marauder, Marine x3  
  128  24:57  Marauder x2  
  105  25:01  Marine x6  
  105  25:02  Marine  
  102  25:10  SCV x4  
  99  25:16  Orbital Command  
  99  25:17  Marine x2  
  99  25:18  Marauder  
  99  25:19  Marine x4  
  99  25:20  Marauder x2  
  99  25:21  SCV x2  
  106  25:22  SCV x2  
  95  25:36  Marauder  
  95  25:37  Marine x4  
  95  25:40  Marauder  
  95  25:41  Marauder x2  
  104  25:55  Marine x4  
  106  25:57  Marauder  
  106  26:03  Marauder  

Tags
 
Add a new tag
Caveats
  • Supply blocks, unpowered buildings, or Contaminate may cause inaccurate times.
  • Supply counts are checked every 10 seconds.